 Dungeon Crawl Stone Soup version 0.18.1-48-g4cf74bf (webtiles) character file.

46 ololoev the Firebug (level 3, -1/19 HPs)
             Began as a Deep Elf Fire Elementalist on July 28, 2016.
             Slain by an orc wizard
             ... wielding a +0 dagger of draining
              (4 damage)
             ... on level 4 of the Dungeon.
             The game lasted 00:03:25 (485 turns).

ololoev the Firebug (Deep Elf Fire Elementalist)     Turns: 485, Time: 00:03:26

Health: -1/19      AC:  2    Str:  5    XL:     3   Next: 46%
Magic:  1/10       EV: 12    Int: 20    God:
Gold:   45         SH:  0    Dex: 15    Spells: 3 memorised, 2 levels left

rFire  . . .     SeeInvis .     a - staff of conjuration
rCold  . . .     Gourm    .     h - +0 robe
rNeg   . . .     Faith    .     (no shield)
rPois  .         Spirit   .     (no helmet)
rElec  .         Dismiss  .     (no cloak)
rCorr  .         Reflect  .     (no gloves)
SustAt .         Harm     .     (no boots)
MR     .....                    (no amulet)
Stlth  +.........               (no ring)
                                (no ring)

@: confused, drained, not resistant to hostile enchantments, very unstealthy
A: no striking features
a: no special abilities

Inventory:

Armour
 h - a +0 robe (worn)
Magical Staves
 a - an uncursed staff of conjuration (weapon)
Scrolls
 d - 2 scrolls of amnesia {unknown}
 e - a scroll of remove curse {unknown}
 f - a scroll of recharging {unknown}
Potions
 g - a potion of degeneration {unknown}
Books
 b - a book of Flames

   Spells                             Type                      Level
   a - Flame Tongue                   Conjuration/Fire             1
   b - Throw Flame                    Conjuration/Fire             2
   c - Conjure Flame                  Conjuration/Fire             3
   d - Inner Flame                    Hexes/Fire                   3
   e - Sticky Flame                   Conjuration/Fire             4
   f - Fireball                       Conjuration/Fire             5
Comestibles
 c - 2 bread rations


   Skills:
 - Level 2.4(2.1) Dodging
 - Level 2.4(2.1) Stealth
 + Level 3.5(3.3) Spellcasting
 * Level 2.7(2.4) Conjurations
 + Level 3.8(3.6) Fire Magic


You had 2 spell levels left.
You knew the following spells:

 Your Spells              Type           Power        Failure   Level  Hunger
a - Flame Tongue          Conj/Fire      ###..        4%          1    None
b - Conjure Flame         Conj/Fire      ###.....     14%         3    ###....
e - Inner Flame           Hex/Fire       ##......     21%         3    ###....


You were on level 4 of the Dungeon.
You were not hungry.

You visited 1 branch of the dungeon, and saw 3 of its levels.

You collected 45 gold pieces.

##8...8 ####..... #.#8.....
#### #.##:.... ..# #.##8...8
#.## #.# _## ##..# #.####
##########..r#####....#########
......).oo..oo@................
##....####...o###.#.......##.#
#... #+##.# #.#.......# #...
.SS#w# #.#.[.....# #.. #.∩.#.#
#.######### #. #..S#.. #.# #
##+##.. #.# ....#.# #.#

Notes
Turn   | Place    | Note
--------------------------------------------------------------
     0 | D:1      | ololoev the Deep Elf Fire Elementalist began the quest for the Orb.
     0 | D:1      | Reached XP level 1. HP: 10/10 MP: 6/6
    87 | D:1      | Reached XP level 2. HP: 15/15 MP: 5/8
   120 | D:1      | crauler: ты бы хоть посмотрел на сколько отравили, вдруг хлебом бы отмахался
   391 | D:2      | Reached XP level 3. HP: 17/19 MP: 8/10
   396 | D:2      | Learned a level 3 spell: Conjure Flame
   400 | D:2      | Learned a level 3 spell: Inner Flame
   427 | D:2      | You fall through a shaft for 2 floors!
   445 | D:4      | Found a bloodstained altar of Trog.
   447 | D:4      | Found a burning altar of Makhleb.
   463 | D:4      | Found Nog Zadd's Serpentskin Sales.
   463 | D:4      | Noticed a water moccasin
   463 | D:4      | Noticed a water moccasin
   485 | D:4      | Slain by an orc wizard

Dungeon Overview and Level Annotations

Branches:
Dungeon (2/15)

Altars:
Makhleb
Trog

Shops:
D:4 *


Message History

An adder and 2 water moccasins come into view.
Found a scroll labeled ARIR VAYCULON.
Found Nog Zadd's Serpentskin Sales.
You close the door.
An orc comes into view. It is wielding a club.
An orc comes into view. It is wielding a club.
The orc shouts!
An orc comes into view. It is wielding a club.
An orc and an orc wizard come into view.
Casting: Flame Tongue
Confirm with . or Enter, or press ? or * to list all spells.
Aiming: Flame Tongue
Press: ? - help, Shift-Dir - straight line, f - orc
Aim: an orc, wielding a club You feel a surge of power!
The flame tongue hits the orc.
The orc is lightly wounded.
The orc shouts!
The orc wizard shouts!
Casting: Flame Tongue
Confirm with . or Enter, or press ? or * to list all spells.
Aiming: Flame Tongue
Press: ? - help, Shift-Dir - straight line, f/p - orc
Aim: an orc, wielding a club (lightly wounded)
You feel a surge of power!
The flame tongue hits the orc.
The orc is heavily wounded.
A quokka and an orc come into view.
Casting: Flame Tongue
Confirm with . or Enter, or press ? or * to list all spells.
Aiming: Flame Tongue
Press: ? - help, Shift-Dir - straight line, f - orc, p - orc
Aim: an orc, wielding a club and wearing a scale mail You feel a surge of power!
The flame tongue hits the orc.
The orc is severely wounded.
The orc shouts!
The quokka moves out of view.
The orc moves out of view.
Casting: Flame Tongue
Confirm with . or Enter, or press ? or * to list all spells.
Aiming: Flame Tongue
Press: ? - help, Shift-Dir - straight line, f/p - orc
Aim: an orc, wielding a club and wearing a scale mail (severely wounded)
You feel a surge of power!
The flame tongue hits the orc.
You kill the orc!
Casting: Flame Tongue
Confirm with . or Enter, or press ? or * to list all spells.
Aiming: Flame Tongue
Press: ? - help, Shift-Dir - straight line, f - orc
Aim: an orc, wielding a club and wearing a leather armour You feel a surge of power!
The flame tongue hits the orc.
The orc is lightly wounded.
The orc barely misses you.
Casting: Flame Tongue
Confirm with . or Enter, or press ? or * to list all spells.
Aiming: Flame Tongue
Press: ? - help, Shift-Dir - straight line, f/p - orc
Aim: an orc, wielding a club and wearing a leather armour (lightly wounded)
You feel a surge of power!
The flame tongue hits the orc.
The orc is heavily wounded.
Press: ? - help, v - describe, . - travel, g - get item
Here: an orc wizard, wielding a dagger of draining and wearing a robe A club.
There is something else lying underneath.
The floor.
Casting: Flame Tongue
Confirm with . or Enter, or press ? or * to list all spells.
Aiming: Flame Tongue
Press: ? - help, Shift-Dir - straight line, f/p - orc
Aim: an orc, wielding a club and wearing a leather armour (heavily wounded)
You feel a surge of power!
The flame tongue hits the orc wizard.
The orc wizard is severely wounded.
The orc wizard gestures at you while chanting.
You are confused.
You bump into the rock wall.
You bump into the rock wall.
The orc wizard casts a spell at you.
You are more confused.
You closely miss the orc wizard.
The orc wizard is severely wounded.
The orc wizard hits you with a dagger of draining.
You feel drained. The orc hits you with a club.
You bump into the rock wall.
The orc wizard hits you with a dagger of draining.
You die...

You could see a worm, an orc wizard, 4 orcs and a quokka.

Vanquished Creatures
  A hound skeleton (D:4)
  An adder (D:2)
  3 giant geckos
  An orc (D:4)
  2 goblins
  4 hobgoblins
  2 jackals (D:2)
  A kobold (D:2)
  2 bats
  3 rats (D:1)
20 creatures vanquished.

Action                   || total
-------------------------++-------
Melee: Unarmed           ||     4
       Staff             ||     1
 Cast: Flame Tongue      ||    47
Armor: Robe              ||     1
Dodge: Dodged            ||    14

Vault maps used:
D:1:      dpeg_arrival_tiny_a, minmay_misc_feat_five, item_on_display_a
D:2:      lemuel_coloured_pillars_altar, okawaru_gym_becter, first_bread
D:4:      nicolae_overflow_hidden_temple, nicolae_overflow_crystal_walls,
          guppyfry_shop_venom
